 Seeded DCSS version 0.29.0-11-gd7f09526c8 (webtiles) character file.

Game seed: 3121381558354691732 (custom seed)

15 purpskrrrp the Shield-Bearer (level 2, 29/29 HPs)
             Began as a Troll Fighter on Sept 7, 2022.
             Quit the game on level 1 of the Dungeon.
             The game lasted 00:01:18 (553 turns).

purpskrrrp the Shield-Bearer (Troll Fighter)         Turns: 553, Time: 00:01:19

Health: 29/29      AC:  4    Str: 29    XL:     2   Next: 34%
Magic:  1/1        EV:  8    Int:  4    God:
Gold:   80         SH:  7    Dex:  9    Spells: 1/1 levels left

rFire   . . .      SeeInvis .     - Unarmed
rCold   . . .      Faith    .   b - +0 kite shield
rNeg    . . .      Spirit   .   a - +0 robe
rPois   .          Reflect  .   (helmet restricted)
rElec   .          Harm     .   (no cloak)
rCorr   .          Rampage  .   (gloves unavailable)
Will    .....                   (boots unavailable)
Stlth   +.........              (no amulet)
HPRegen 0.89/turn               f - +6 ring of strength
MPRegen 0.07/turn               (no ring)

@: studying Transmutations
A: large, unfitting armour, claws 3, regeneration 1, shaggy fur 1, tough skin 1
a: no special abilities


You were on level 1 of the Dungeon.
You visited 1 branch of the dungeon, and saw 1 of its levels.

You collected 80 gold pieces.

Inventory:

Missiles
 g - 2 throwing nets (quivered)
Armour
 a - a +0 robe (worn)
 b - a +0 kite shield (worn)
Jewellery
 f - a +6 ring of strength (left claw)
Scrolls
 d - 2 scrolls of identify {unknown}
 e - a scroll of acquirement
 h - a scroll of magic mapping {unknown}
 j - a scroll of enchant weapon {unknown}
 k - 3 scrolls of amnesia {unknown}
Potions
 c - a potion of might
 i - a potion of magic {unknown}


   Skills:
 + Level 2.6 Fighting
 + Level 2.6 Dodging
 + Level 2.9 Shields
 * Level 2.2 Unarmed Combat


You had one spell level left.
You didn't know any spells.
Your spell library contained the following spells:

 Spells                   Type           Power      Damage    Failure   Level
 Sting                    Tmut/Pois      0%         1d3       80%         1


Dungeon Overview and Level Annotations

Branches:
Dungeon (1/15)

Altars:


Innate Abilities, Weirdness & Mutations

You are too large for most types of armour.
You have claws for hands.
Your natural rate of healing is unusually fast.
You are covered in fur. (AC +1)
You have tough skin. (AC +1)


Message History

k - 3 scrolls labelled SEMNARR YZOISM A hobgoblin comes into view.
The hobgoblin shouts!
A hobgoblin is nearby!
A hobgoblin is nearby!
A hobgoblin is nearby!
Found a stone staircase leading down.
The hobgoblin hits you.
You scratch the hobgoblin.
You kill the hobgoblin!
No target in view!
No target in view!
No target in view!
No target in view!
No target in view!
No target in view!
No target in view!
No target in view!
No target in view!
No target in view!
No target in view!
No target in view!
No target in view!
No target in view!
No target in view!
You see here a hobgoblin corpse.
There is a stone staircase leading down here.
You now have 67 gold pieces (gained 4).
You now have 80 gold pieces (gained 13).
Done exploring.
Done exploring.
This is a scroll of acquirement!
You see here a manual of Transmutations.
Something appears at your feet!
You pick up a manual of Transmutations and begin studying.
Something appears at your feet!
Unknown command.
Unknown command.
Unknown command.
Are you sure you want to abandon this character and quit the game? (Confirm with "yes".)

#.# ###.≈§§.≈.....≈...≈........
#.###.........≈.≈..§§.§.≈.≈..##
#........≈.≈.......§§≈§......##
#####........≈...≈.....≈...≈.##
####..≈....≈....≈§...≈§..##
#.....≈...≈.....≈....###
#...≈...#...≈.≈....(....
#.#.....###.....|..#####
#.#####@# ####...### #.......#
##### #########


There were no monsters in sight!

Vanquished Creatures
  An endoplasm (D:1)
  3 goblins (D:1)
  A hobgoblin (D:1)
  2 jackals (D:1)
  3 bats (D:1)
  A frilled lizard (D:1)
  3 rats (D:1)
14 creatures vanquished.

Notes
Turn   | Place    | Note
-------+----------+-------------------------------------------
     0 | D:1      | purpskrrrp the Troll Fighter began the quest for the Orb.
     0 | D:1      | Reached XP level 1. HP: 22/22 MP: 0/0
   159 | D:1      | Found a faded altar of an unknown god.
   163 | D:1      | Got Plato's Secrets of Vitiation
   246 | D:1      | Reached XP level 2. HP: 28/29 MP: 1/1
   550 | D:1      | Identified 3 scrolls of acquirement
   550 | D:1      | Acquired a manual of Transmutations
   552 | D:1      | Acquired the ring "Yfatzuv" {Ice Str+3}
   553 | D:1      | Quit the game

Illustrated notes

Levels and vault maps discovered:
D:1:      minmay_arrival_glassed_features, layout_loops_ring,
          shapermc_ecumenical_altar_rom_forum, nicolae_kite_square_tiling_tiny

Action                   || total
-------------------------++-------
Melee: Unarmed           ||    42
  Use: Scroll            ||     2
Armor: Robe              ||    24
Dodge: Dodged            ||    24
Block: Kite shield       ||    16
